3120 views
Uploaded 2020-05-30 06:26:22
Game version 1.32.4 / 1.32.5
12:01 long 3on3 ladder game on (8)Battleground_LV
Saved by lowlyworm
3120 views
Uploaded 2020-05-30 06:26:22
Game version 1.32.4 / 1.32.5
12:01 long 3on3 ladder game on (8)Battleground_LV


62 units @ 8.2k
/ 1.1k
33 buildings @ 5.4k
/ 2k


| Wisp | 13 | 780 | / | 0 |
| Huntress | 6 | 1170 | / | 120 |
| Dryad | 7 | 1015 | / | 420 |
| total: | 26 | 2965g | / | 540w |
| Ancient Protector | 1 | 135 | / | 80 |
| Altar of Elders | 1 | 180 | / | 50 |
| Moon Well | 5 | 900 | / | 200 |
| Hunter's Hall | 1 | 210 | / | 100 |
| Ancient of War | 1 | 150 | / | 60 |
| Ancient of Lore | 2 | 310 | / | 290 |
| Tree of Ages | 1 | 320 | / | 180 |
| total: | 11 | 1885g | / | 780w |
| 0:07 | Wisp |
| 0:07 | Wisp |
| 0:10 | Altar of Elders |
| 0:22 | Moon Well |
| 0:25 | Wisp |
| 0:25 | Wisp |
| 1:10 | Wisp |
| 1:19 | Hunter's Hall |
| 1:29 | Ancient of War |
| 1:38 | Wisp |
| 1:41 | Wisp |
| 1:58 | Moon Well |
| 2:04 | Wisp |
| 2:34 | Huntress |
| 2:48 | Immolation |
| 2:52 | Wisp |
| 2:53 | Wisp |
| 2:58 | Moon Well |
| 3:13 | Huntress |
| 3:45 | Tree of Ages |
| 4:06 | Huntress |
| 4:27 | Huntress |
| 4:50 | Moon Well |
| 5:00 | Huntress |
| 5:15 | Huntress |
| 5:24 | Mana Burn |
| 6:12 | Ancient of Lore |
| 6:17 | Ancient of Lore |
| 6:38 | Wisp |
| 6:38 | Wisp |
| 6:40 | Wisp |
| 7:03 | Moon Well |
| 7:24 | Immolation |
| 8:00 | Force of Nature |
| 8:04 | Dryad |
| 8:06 | Dryad |
| 8:14 | Ancient Protector |
| 8:46 | Dryad |
| 8:47 | Dryad |
| 9:06 | Dryad |
| 9:08 | Dryad |
| 9:10 | Strength of the Wild |
| 10:54 | Dryad |
| 10:57 | Abolish Magic |
| Right click | 243 |
| Select group | 158 |
| Select | 131 |
| Build/train/purchase | 48 |
| Assign group | 14 |
| Use ability | 7 |
| Remove unit | 3 |


| Healing Salve | 1 | 100 |
| total: | 1 | 100g |
| Peon | 10 | 750 | / | 0 |
| Wind Rider | 3 | 795 | / | 120 |
| total: | 13 | 1545g | / | 120w |
| Orc Burrow | 5 | 800 | / | 200 |
| Altar of Storms | 1 | 180 | / | 50 |
| Voodoo Lounge | 1 | 130 | / | 30 |
| War Mill | 1 | 205 | / | 0 |
| Beastiary | 2 | 290 | / | 280 |
| Stronghold | 1 | 315 | / | 190 |
| Fortress | 1 | 325 | / | 190 |
| total: | 10 | 1605g | / | 560w |
| 0:04 | Peon |
| 0:04 | Peon |
| 0:27 | Orc Burrow |
| 0:31 | Altar of Storms |
| 0:38 | Peon |
| 0:38 | Peon |
| 1:03 | Peon |
| 1:05 | Peon |
| 1:37 | Voodoo Lounge |
| 1:40 | Peon |
| 1:41 | Peon |
| 1:48 | War Mill |
| 1:51 | Peon |
| 1:51 | Peon |
| 2:08 | Orc Burrow |
| 2:27 | Stronghold |
| 2:41 | Wind Walk |
| 2:47 | Orc Burrow |
| 4:01 | Orc Burrow |
| 4:22 | Steel Ranged Weapons |
| 4:40 | Orc Burrow |
| 4:58 | Beastiary |
| 5:04 | Beastiary |
| 5:12 | Fortress |
| 5:50 | Thorium Ranged Weapons |
| 6:27 | Wind Rider |
| 6:39 | Healing Wave |
| 7:42 | Critical Strike |
| 7:46 | Wind Rider |
| 8:13 | Healing Salve |
| 8:21 | Wind Rider |
| 8:52 | Arcanite Ranged Weapons |
| Select | 153 |
| Right click | 137 |
| Build/train/purchase | 37 |
| Chat | 7 |
| Use ability | 6 |
| Misc. action | 2 |
| Remove unit | 1 |
| Minimap ping | 1 |


| Rod of Necromancy | 3 | 450 |
| total: | 3 | 450g |
| Acolyte | 7 | 525 | / | 0 |
| Ghoul | 4 | 480 | / | 0 |
| Crypt Fiend | 5 | 1075 | / | 200 |
| Obsidian Statue | 2 | 400 | / | 70 |
| Banshee | 1 | 155 | / | 30 |
| Wind Rider | 4 | 1060 | / | 160 |
| total: | 23 | 3695g | / | 460w |
| Nerubian Tower | 2 | 200 | / | 40 |
| Crypt | 1 | 200 | / | 50 |
| Ziggurat | 4 | 600 | / | 200 |
| Altar of Darkness | 1 | 180 | / | 50 |
| Graveyard | 1 | 215 | / | 0 |
| Tomb of Relics | 1 | 130 | / | 30 |
| Necropolis | 1 | 225 | / | 0 |
| Slaughterhouse | 1 | 140 | / | 135 |
| Temple of the Damned | 1 | 155 | / | 140 |
| Halls of the Dead | 2 | 640 | / | 420 |
| Black Citadel | 2 | 650 | / | 460 |
| Watch Tower | 1 | 110 | / | 80 |
| total: | 12 | 1955g | / | 685w |
| 0:02 | Acolyte |
| 0:11 | Crypt |
| 0:15 | Ziggurat |
| 0:18 | Acolyte |
| 0:34 | Altar of Darkness |
| 1:03 | Graveyard |
| 1:11 | Ghoul |
| 1:24 | Tomb of Relics |
| 1:37 | Ghoul |
| 1:54 | Ghoul |
| 2:22 | Halls of the Dead |
| 2:30 | Nerubian Tower |
| 2:36 | Impale |
| 2:49 | Crypt Fiend |
| 2:54 | Rod of Necromancy |
| 2:54 | Rod of Necromancy |
| 2:54 | Rod of Necromancy |
| 3:09 | Ziggurat |
| 4:03 | Crypt Fiend |
| 4:22 | Spiked Carapace |
| 4:47 | Acolyte |
| 4:49 | Ghoul |
| 4:53 | Slaughterhouse |
| 4:56 | Ziggurat |
| 4:59 | Temple of the Damned |
| 5:20 | Ziggurat |
| 5:43 | Cluster Rockets |
| 6:47 | Necropolis |
| 6:49 | Obsidian Statue |
| 6:50 | Banshee Adept Training |
| 6:50 | Banshee Master Training |
| 7:05 | Crypt Fiend |
| 7:29 | Engineering Upgrade |
| 7:37 | Impale |
| 7:43 | Crypt Fiend |
| 7:45 | Obsidian Statue |
| 8:12 | Black Citadel |
| 9:05 | Crypt Fiend |
| 9:07 | Banshee |
| 9:28 | Envenomed Spears |
| 9:28 | Wind Rider |
| 9:31 | Reinforced Defenses |
| 9:44 | Watch Tower |
| 10:05 | Acolyte |
| 10:05 | Acolyte |
| 10:05 | Acolyte |
| 10:05 | Acolyte |
| 10:19 | Wind Rider |
| 10:39 | Destroyer Form |
| 10:46 | Wind Rider |
| 11:29 | Wind Rider |
| Right click | 528 |
| Select group | 269 |
| Select | 195 |
| Build/train/purchase | 77 |
| Assign group | 39 |
| Use ability | 30 |
| Chat | 18 |
| Resource trade | 6 |
| Item give/drop | 5 |
| Esc | 2 |
90 units @ 10.2k
/ 1.1k
52 buildings @ 7.8k
/ 3.5k


| Lesser Clarity Potion | 1 | 70 |
| Dust of Appearance | 1 | 75 |
| Boots of Speed | 1 | 250 |
| Staff of Teleportation | 1 | 150 |
| total: | 4 | 545g |
| Wisp | 26 | 1560 | / | 0 |
| Archer | 6 | 780 | / | 60 |
| Dryad | 4 | 580 | / | 240 |
| Druid of the Claw | 3 | 765 | / | 240 |
| total: | 39 | 3685g | / | 540w |
| Altar of Elders | 1 | 180 | / | 50 |
| Moon Well | 5 | 900 | / | 200 |
| Ancient of War | 1 | 150 | / | 60 |
| Ancient of Wonders | 1 | 90 | / | 30 |
| Hunter's Hall | 1 | 210 | / | 100 |
| Tree of Life | 2 | 680 | / | 370 |
| Ancient of Lore | 2 | 310 | / | 290 |
| Tree of Ages | 1 | 320 | / | 180 |
| Tree of Eternity | 1 | 330 | / | 200 |
| total: | 13 | 2520g | / | 1100w |
| 0:02 | Wisp |
| 0:02 | Wisp |
| 0:13 | Altar of Elders |
| 0:20 | Moon Well |
| 0:26 | Wisp |
| 0:38 | Ancient of War |
| 0:44 | Wisp |
| 0:50 | Wisp |
| 0:57 | Wisp |
| 1:19 | Wisp |
| 1:29 | Moon Well |
| 1:39 | Archer |
| 1:41 | Wisp |
| 1:55 | Ancient of Wonders |
| 1:58 | Archer |
| 1:59 | Archer |
| 2:15 | Force of Nature |
| 2:20 | Archer |
| 2:39 | Archer |
| 2:53 | Archer |
| 2:54 | Wisp |
| 2:54 | Wisp |
| 2:59 | Lesser Clarity Potion |
| 3:22 | Tree of Ages |
| 3:56 | Moon Well |
| 3:59 | Hunter's Hall |
| 4:04 | Dust of Appearance |
| 4:21 | Entangling Roots |
| 4:42 | Tree of Life |
| 4:51 | Tree of Life |
| 5:48 | Wisp |
| 5:48 | Wisp |
| 5:48 | Wisp |
| 5:54 | Ancient of Lore |
| 6:05 | Force of Nature |
| 6:15 | Healing Spray |
| 6:27 | Wisp |
| 6:27 | Wisp |
| 6:27 | Wisp |
| 6:57 | Ancient of Lore |
| 7:01 | Boots of Speed |
| 7:02 | Staff of Teleportation |
| 7:09 | Wisp |
| 7:09 | Wisp |
| 7:09 | Wisp |
| 7:10 | Wisp |
| 7:49 | Tree of Eternity |
| 7:52 | Wisp |
| 8:10 | Dryad |
| 9:12 | Dryad |
| 9:13 | Abolish Magic |
| 9:13 | Druid of the Claw Adept Training |
| 9:18 | Moon Well |
| 9:18 | Moon Well |
| 9:39 | Entangling Roots |
| 9:44 | Acid Bomb |
| 9:44 | Healing Spray |
| 9:49 | Strength of the Wild |
| 9:55 | Druid of the Claw |
| 9:58 | Reinforced Hides |
| 10:18 | Druid of the Claw |
| 10:19 | Druid of the Claw Master Training |
| 11:22 | Dryad |
| 11:24 | Dryad |
| 11:48 | Druid of the Claw |
| 11:50 | Improved Reinforced Hides |
| 11:56 | Wisp |
| 11:56 | Wisp |
| 11:57 | Wisp |
| 11:57 | Wisp |
| 11:57 | Wisp |
| Right click | 936 |
| Select group | 435 |
| Select | 260 |
| Assign group | 128 |
| Misc. action | 127 |
| Build/train/purchase | 73 |
| Chat | 29 |
| Use ability | 27 |
| Minimap ping | 6 |
| Item give/drop | 2 |
| Esc | 1 |


| Rod of Necromancy | 2 | 300 |
| Sacrificial Skull | 1 | 50 |
| Orb of Corruption | 1 | 375 |
| Dust of Appearance | 1 | 75 |
| total: | 5 | 800g |
| Acolyte | 8 | 600 | / | 0 |
| Ghoul | 5 | 600 | / | 0 |
| Crypt Fiend | 6 | 1290 | / | 240 |
| Frost Wyrm | 1 | 385 | / | 120 |
| total: | 20 | 2875g | / | 360w |
| Nerubian Tower | 1 | 100 | / | 20 |
| Spirit Tower | 1 | 145 | / | 40 |
| Crypt | 1 | 200 | / | 50 |
| Graveyard | 1 | 215 | / | 0 |
| Altar of Darkness | 1 | 180 | / | 50 |
| Ziggurat | 7 | 1050 | / | 350 |
| Tomb of Relics | 2 | 260 | / | 60 |
| Necropolis | 1 | 225 | / | 0 |
| Sacrificial Pit | 1 | 75 | / | 150 |
| Boneyard | 2 | 350 | / | 400 |
| Halls of the Dead | 1 | 320 | / | 210 |
| Black Citadel | 1 | 325 | / | 230 |
| total: | 16 | 2555g | / | 1060w |
| 0:03 | Acolyte |
| 0:07 | Crypt |
| 0:10 | Graveyard |
| 0:18 | Acolyte |
| 0:18 | Acolyte |
| 0:43 | Altar of Darkness |
| 0:57 | Ziggurat |
| 1:11 | Ghoul |
| 1:21 | Tomb of Relics |
| 1:45 | Ziggurat |
| 1:50 | Ghoul |
| 2:05 | Ghoul |
| 2:17 | Ghoul |
| 2:37 | Ghoul |
| 2:47 | Death Coil |
| 2:53 | Rod of Necromancy |
| 2:53 | Dust of Appearance |
| 2:55 | Sacrificial Skull |
| 3:08 | Acolyte |
| 3:30 | Acolyte |
| 3:45 | Acolyte |
| 4:10 | Ziggurat |
| 4:21 | Unholy Aura |
| 4:25 | Acolyte |
| 4:25 | Acolyte |
| 5:02 | Halls of the Dead |
| 5:11 | Nerubian Tower |
| 5:35 | Crypt Fiend |
| 5:38 | Ziggurat |
| 5:41 | Ziggurat |
| 5:56 | Rod of Necromancy |
| 5:59 | Crypt Fiend |
| 6:08 | Creature Attack |
| 6:12 | Ziggurat |
| 6:37 | Crypt Fiend |
| 6:39 | Spirit Tower |
| 6:43 | Necropolis |
| 6:55 | Crypt Fiend |
| 7:19 | Creature Carapace |
| 7:22 | Black Citadel |
| 7:23 | Improved Creature Attack |
| 7:25 | Web |
| 7:51 | Crypt Fiend |
| 7:54 | Sacrificial Pit |
| 8:05 | Death Coil |
| 8:11 | Crypt Fiend |
| 8:13 | Burrow |
| 8:14 | Improved Creature Carapace |
| 8:48 | Ziggurat |
| 8:51 | Tomb of Relics |
| 9:49 | Boneyard |
| 9:50 | Boneyard |
| 9:53 | Orb of Corruption |
| 9:57 | Frost Nova |
| 10:42 | Unholy Aura |
| 11:17 | Frost Wyrm |
| 11:55 | Dark Ritual |
| Select group | 358 |
| Right click | 323 |
| Select | 196 |
| Build/train/purchase | 65 |
| Assign group | 48 |
| Misc. action | 39 |
| Chat | 27 |
| Use ability | 22 |
| Minimap ping | 4 |
| Item give/drop | 3 |
| Remove unit | 1 |


| Lesser Clarity Potion | 2 | 140 |
| Scroll of Regeneration | 1 | 100 |
| Potion of Healing | 1 | 150 |
| Ivory Tower | 1 | 40 |
| Dust of Appearance | 1 | 75 |
| Boots of Speed | 1 | 250 |
| total: | 7 | 755g |
| Peasant | 18 | 1350 | / | 0 |
| Footman | 5 | 675 | / | 0 |
| Rifleman | 1 | 205 | / | 30 |
| Priest | 2 | 270 | / | 20 |
| Spell Breaker | 1 | 215 | / | 30 |
| Forest Troll Berserker | 2 | 490 | / | 60 |
| Forest Troll Shadow Priest | 2 | 390 | / | 20 |
| total: | 31 | 3595g | / | 160w |
| Scout Tower | 2 | 60 | / | 40 |
| Arcane Tower | 3 | 210 | / | 150 |
| Altar of Kings | 1 | 180 | / | 50 |
| Barracks | 1 | 160 | / | 60 |
| Farm | 9 | 720 | / | 180 |
| Lumber Mill | 1 | 120 | / | 0 |
| Town Hall | 1 | 385 | / | 205 |
| Blacksmith | 1 | 140 | / | 60 |
| Arcane Vault | 2 | 260 | / | 60 |
| Arcane Sanctum | 2 | 300 | / | 280 |
| Gryphon Aviary | 3 | 420 | / | 450 |
| Keep | 2 | 640 | / | 420 |
| Castle | 2 | 720 | / | 420 |
| total: | 23 | 2745g | / | 1385w |
| 0:12 | Altar of Kings |
| 0:18 | Peasant |
| 0:18 | Peasant |
| 0:25 | Peasant |
| 0:37 | Barracks |
| 0:44 | Peasant |
| 0:50 | Farm |
| 0:54 | Peasant |
| 1:09 | Peasant |
| 1:09 | Peasant |
| 1:09 | Peasant |
| 1:17 | Farm |
| 1:28 | Peasant |
| 1:42 | Footman |
| 1:47 | Farm |
| 1:59 | Footman |
| 2:00 | Footman |
| 2:24 | Peasant |
| 2:24 | Footman |
| 2:30 | Storm Bolt |
| 2:37 | Peasant |
| 2:44 | Peasant |
| 2:58 | Footman |
| 2:59 | Peasant |
| 3:12 | Lumber Mill |
| 3:47 | Peasant |
| 4:17 | Town Hall |
| 4:18 | Scout Tower |
| 4:43 | Keep |
| 4:48 | Thunder Clap |
| 5:26 | Blacksmith |
| 5:32 | Storm Bolt |
| 5:40 | Forest Troll Berserker |
| 5:40 | Forest Troll Berserker |
| 5:49 | Arcane Tower |
| 5:49 | Peasant |
| 5:49 | Peasant |
| 5:50 | Peasant |
| 5:50 | Peasant |
| 5:55 | Forest Troll Shadow Priest |
| 5:55 | Forest Troll Shadow Priest |
| 6:09 | Farm |
| 6:10 | Farm |
| 6:28 | Boots of Speed |
| 6:48 | Dust of Appearance |
| 7:01 | Rifleman |
| 7:03 | Scout Tower |
| 7:05 | Arcane Vault |
| 7:11 | Arcane Sanctum |
| 7:14 | Arcane Vault |
| 7:16 | Arcane Sanctum |
| 7:55 | Arcane Tower |
| 7:56 | Castle |
| 8:18 | Lesser Clarity Potion |
| 8:18 | Lesser Clarity Potion |
| 8:18 | Scroll of Regeneration |
| 8:19 | Potion of Healing |
| 8:20 | Ivory Tower |
| 8:56 | Siphon Mana |
| 9:28 | Thunder Clap |
| 9:36 | Banish |
| 9:40 | Priest |
| 9:41 | Priest |
| 9:42 | Gryphon Aviary |
| 10:35 | Farm |
| 10:37 | Animal War Training |
| 10:42 | Farm |
| 10:43 | Farm |
| 10:44 | Farm |
| 11:40 | Spell Breaker |
| 11:42 | Storm Hammers |
| 11:44 | Gryphon Aviary |
| 11:45 | Gryphon Aviary |
| Right click | 807 |
| Select group | 502 |
| Select | 204 |
| Build/train/purchase | 84 |
| Chat | 49 |
| Assign group | 42 |
| Misc. action | 22 |
| Use ability | 19 |
| Minimap ping | 6 |
| Item give/drop | 3 |
⇛